 Dungeon Crawl Stone Soup version 0.28-a0-1447-ga5a8893891 (webtiles) character file.

Game seed: 12708258508347977363

10288 bande the Cleaver (level 11, -11/68 HPs)
             Began as a Gargoyle Fighter on Jan 11, 2022.
             Was a High Priest of Okawaru.
             Mangled by a centaur warrior simulacrum (24 damage)
             ... in a Gauntlet.
             The game lasted 00:23:37 (11514 turns).

bande the Cleaver (Gargoyle Fighter)               Turns: 11514, Time: 00:23:37

Health: -11/68     AC: 27    Str: 21    XL:     11   Next: 59%
Magic:  0/15       EV:  6    Int: 11    God:    Okawaru [*****.]
Gold:   543        SH:  7    Dex: 16    Spells: 10/10 levels left

rFire   . . .      SeeInvis .   u - +1 broad axe (flame)
rCold   . . .      Faith    .   c - +1 buckler
rNeg    + . .      Spirit   +   k - +1 plate armour of Guschar {Dex+3}
rPois   ∞          Reflect  .   v - +2 hat
rElec   +          Harm     .   (no cloak)
rCorr   +          Rampage  .   (no gloves)
Will    +....      NoTele   +   b - +1 pair of boots
Stlth   ..........              l - amulet of Bakkible {Spirit Int+3}
HPRegen 0.00/turn               f - ring of resist corrosion
MPRegen 0.14/turn               n - ring of willpower

@: inhibited regen
A: sickness immunity, AC +8, negative energy resistance 1, electricity
resistance, torment resistance 1, petrification resistance, horns 1, inhibited
regeneration
a: Renounce Religion, Heroism, Finesse, Duel


You were in a Gauntlet.
You worshipped Okawaru.
Okawaru was extremely pleased with you.
You visited 2 branches of the dungeon, and saw 12 of its levels.
You also visited: Gauntlet.

You collected 543 gold pieces.

Inventory:

Hand Weapons
 a - a +0 war axe
 u - a +1 broad axe of flaming (weapon)
Armour
 b - a +1 pair of boots (worn)
 c - a +1 buckler (worn)
 k - the +1 plate armour of Guschar (worn) {Dex+3}
   (You found it on level 2 of the Dungeon)

   Dex:       It affects your dexterity (+3).
 v - a +2 hat (worn)
Jewellery
 f - a ring of resist corrosion (left hand)
 h - a ring of fire
 l - the amulet of Bakkible (around neck) {Spirit Int+3}
   (You acquired it on level 5 of the Dungeon)

   [amulet of guardian spirit]

   It causes incoming damage to be divided between your reserves of health and
   magic.
   Int:       It affects your intelligence (+3).
 n - a ring of willpower (right hand)
 p - a ring of willpower
 y - an amulet of magic regeneration
 z - a ring of see invisible
Wands
 o - a wand of flame (14)
 s - a wand of digging (6)
 w - a wand of paralysis (4)
 A - a wand of mindburst (7)
Scrolls
 t - 2 scrolls of teleportation
 C - a scroll of blinking
 E - 2 scrolls of amnesia {unknown}
Potions
 d - a potion of might
 g - 4 potions of haste
 i - 2 potions of curing
 j - a potion of brilliance
 m - 3 potions of cancellation {unknown}
 q - a potion of heal wounds {unknown}
 r - 2 potions of attraction {unknown}
 x - a potion of ambrosia {unknown}
 B - a potion of magic {unknown}
 D - a potion of degeneration {unknown}


   Skills:
 + Level 7.7 Fighting
 + Level 11.2 Axes
 + Level 8.1 Armour
 + Level 6.6 Shields
 * Level 5.6 Invocations
 * Level 5.6 Evocations


You had 10 spell levels left.
You didn't know any spells.
Your spell library contained the following spells:

 Spells                   Type           Power      Damage    Failure   Level
 Foxfire                  Conj/Fire      0%         2x1d4     100%        1
 Pain                     Necr           0%         1d4       100%        1
 Sandblast                Erth           0%         2d4       100%        1
 Slow                     Hex            0%         N/A       100%        1
 Ensorcelled Hibernation  Hex/Ice        0%         N/A       100%        2
 Passwall                 Tmut/Erth      0%         N/A       100%        2
 Confusing Touch          Hex            0%         N/A       100%        3
 Conjure Flame            Conj/Fire      0%         6-21      100%        3
 Dazzling Flash           Conj/Hex       0%         N/A       100%        3
 Inner Flame              Hex/Fire       0%         N/A       100%        3
 Ozocubu's Armour         Ice            0%         N/A       100%        3
 Spider Form              Tmut/Pois      0%         N/A       100%        3
 Stone Arrow              Conj/Erth      0%         3d7       100%        3
 Vampiric Draining        Necr           0%         2d6       100%        3
 Anguish                  Hex/Necr       0%         N/A       100%        4
 Flame Wave               Conj/Fire      0%         2d4       100%        4
 Iskenderun's Mystic Bla  Conj/Tloc      0%         2d3       100%        4
 Agony                    Necr           0%         N/A       100%        5
 Excruciating Wounds      Necr           0%         N/A       100%        5
 Starburst                Conj/Fire      0%         6d3       100%        6
 Ozocubu's Refrigeration  Ice            0%         4d5       100%        7
 Summon Small Mammal      Summ           Unusable   N/A       N/A         1
 Call Canine Familiar     Summ           Unusable   N/A       N/A         3
 Summon Guardian Golem    Hex/Summ       Unusable   N/A       N/A         3

Dungeon Overview and Level Annotations

Branches:
Dungeon (11/15)            Temple (1/1) D:6            Lair (0/6) D:11
    Orc (0/2) D:11        Gauntlet (1/1)

Altars:
Cheibriados
Dithmenos
Elyvilon
Gozag
Hepliaklqana
Kikubaaqudgha
Makhleb
Nemelex Xobeh
Okawaru
Qazlal
Ru
Sif Muna
Trog
Vehumet
Wu Jian
Xom
Yredelemnul
Zin

Shops:
D:3 *   D:6 [   D:10 ?

Annotations:
Gauntlet 9 transporters


Innate Abilities, Weirdness & Mutations

You are immune to sickness and miasma.
Your stone body is resilient. (AC +8)
You are immune to poison.
You resist negative energy. (rN+)
You are resistant to electric shocks. (rElec)
You are resistant to unholy torment.
You are immune to petrification.
You have a pair of small horns on your head.
You do not regenerate when monsters are visible.


Message History

The centaur warrior simulacrum barely misses you.
You block the centaur warrior simulacrum's attack.
The centaur warrior simulacrum hits you but does no damage.
The centaur warrior simulacrum barely misses you.
The centaur warrior simulacrum hits you but does no damage.
You block the centaur warrior simulacrum's attack. x3
The centaur warrior simulacrum hits you but does no damage.
The centaur warrior simulacrum kicks you but does no damage.
You feel better.
The centaur warrior simulacrum barely misses you.
The centaur warrior simulacrum kicks you but does no damage.
The centaur warrior simulacrum barely misses you.
The centaur warrior simulacrum kicks you but does no damage.
The centaur warrior simulacrum hits you but does no damage.
The centaur warrior simulacrum kicks you but does no damage.
You feel better.
The centaur warrior simulacrum hits you but does no damage.
You block the centaur warrior simulacrum's attack.
The centaur warrior simulacrum hits you but does no damage.
You block the centaur warrior simulacrum's attack.
The centaur warrior simulacrum hits you but does no damage.
The centaur warrior simulacrum kicks you.
The centaur warrior simulacrum freezes you!
* * * LOW HITPOINT WARNING * * *
The centaur warrior simulacrum hits you but does no damage.
The centaur warrior simulacrum kicks you but does no damage.
You slash the centaur warrior simulacrum!
You melt the centaur warrior simulacrum.
The centaur warrior simulacrum vaporises!
Okawaru accepts your kill.
You hit the centaur warrior simulacrum.
You melt the centaur warrior simulacrum.
The centaur warrior simulacrum vaporises!
Okawaru accepts your kill.
You slash the centaur warrior simulacrum!
You melt the centaur warrior simulacrum.
The centaur warrior simulacrum hits you!
* * * LOW HITPOINT WARNING * * *
The centaur warrior simulacrum freezes you!!
You die...

....##..#.........#..#kZZ......#.
######..###########..###########.
.................................
................................∩
.#########..#########..#########.
.#....#.)#..#...#...#..#J.8#8..#.
.#.##.#..#..#.#Z#.#$#..#...8..=#.
.#.##.'######.#☼#.#.####8.8.8.$#.
©#©...'.§#©©#Z##@##©#©©##8^©^8©#.
.#####'######.#Z#☼#.####8.8.8.)#.
.#.......#..#.#.#.#?#..#...8...#.
.#.......#..#...#..Z#..#..8#8..#.
.#########..#########..#########.
..§..............................
..§...........§............§§....
#≈#≈#≈#≈#≈#§#§#≈#≈#≈#§#≈#≈#§#≈#≈#
#################################


You could see 2 centaur warrior simulacra.

Vanquished Creatures
  Erica (D:8)
  2 large abominations (Gauntlet)
  A manticore (D:11)
  A gargoyle (D:10)
  2 trolls
  A hornet (D:7)
  2 centaur simulacra (Gauntlet)
  Sigmund (D:4)
  2 wraiths (D:9)
  A wyvern (D:10)
  9 yaks
  5 small abominations (Gauntlet)
  Eustachio (D:4)
  An acid dragon (D:9)
  4 vampire mosquitoes (D:11)
  2 water moccasins (D:6)
  4 orc warriors
  3 sky beasts
  An ogre (D:5)
  A centaur (D:9)
  2 phantoms
  3 kobold brigands
  5 bullfrogs
  A wyvern zombie (D:6)
  A gnoll sergeant (D:10)
  A scorpion (D:6)
  10 killer bees
  7 howler monkeys
  3 wights (D:8)
  A crimson imp (D:5)
  4 centaur zombies
  2 jellies
  4 orc priests
  A gnoll shaman (D:4)
  6 hounds
  4 iguanas
  22 orc wizards
  A killer bee zombie (D:5)
  2 hound skeletons
  A howler monkey zombie (D:9)
  6 adders
  8 gnolls
  2 white imps (D:6)
  An ufetubus (D:5)
  2 worms
  3 dart slugs
  35 orcs
  6 endoplasms
  5 giant cockroaches
  5 goblins
  A hobgoblin (D:1)
  7 jackals (D:1)
  2 quokkas
  11 ball pythons
  5 bats
  2 frilled lizards
  17 kobolds
  3 rats
247 creatures vanquished.

Vanquished Creatures (others)
  A withered plant (Gauntlet)
1 creature vanquished.

Grand Total: 248 creatures vanquished

Notes
Turn   | Place    | Note
-------+----------+-------------------------------------------
     0 | D:1      | bande the Gargoyle Fighter began the quest for the Orb.
     0 | D:1      | Reached XP level 1. HP: 14/14 MP: 1/1
    12 | D:1      | Reached XP level 2. HP: 3/19 MP: 2/2
   451 | D:1      | Reached skill level 2 in Axes
   752 | D:1      | Reached XP level 3. HP: 21/24 MP: 3/3
  1107 | D:2      | Identified the +1 plate armour of Guschar {Dex+3}
  1253 | D:2      | Found an ornate altar of the Wu Jian Council.
  1409 | D:2      | Found a faded altar of an unknown god.
  1464 | D:2      | Reached XP level 4. HP: 29/29 MP: 4/4
  1609 | D:3      | Found Biownar's Assorted Antiques.
  1671 | D:3      | Reached skill level 3 in Axes
  2054 | D:3      | Noticed a sky beast
  2069 | D:3      | Killed a sky beast
  2070 | D:3      | Reached XP level 5. HP: 27/33 MP: 5/5
  2425 | D:4      | Reached skill level 4 in Axes
  2434 | D:4      | Reached XP level 6. HP: 25/38 MP: 6/6
  2750 | D:4      | Reached skill level 5 in Axes
  2826 | D:4      | Reached XP level 7. HP: 42/43 MP: 7/7
  2843 | D:4      | Gained mutation: You have large cloven feet. [potion of
                  | mutation]
  2843 | D:4      | Gained mutation: You sometimes lose the ability to read
                  | scrolls when taking damage. [potion of mutation]
  2844 | D:4      | Lost mutation: You sometimes lose the ability to read
                  | scrolls when taking damage. [potion of mutation]
  2844 | D:4      | Lost mutation: You have large cloven feet. [potion of
                  | mutation]
  2844 | D:4      | Gained mutation: Your body sometimes deteriorates upon
                  | taking damage. [potion of mutation]
  2844 | D:4      | Gained mutation: Your flesh is cold resistant. (rC+)
                  | [potion of mutation]
  2844 | D:4      | Gained mutation: Your spells are a little harder to cast,
                  | but a little more powerful. [potion of mutation]
  2845 | D:4      | Lost mutation: Your spells are a little harder to cast, but
                  | a little more powerful. [potion of mutation]
  2845 | D:4      | Lost mutation: Your flesh is cold resistant. (rC+) [potion
                  | of mutation]
  2845 | D:4      | Lost mutation: Your body sometimes deteriorates upon taking
                  | damage. [potion of mutation]
  2845 | D:4      | Gained mutation: You have large cloven feet. [potion of
                  | mutation]
  2845 | D:4      | Gained mutation: Your spells are a little harder to cast,
                  | but a little more powerful. [potion of mutation]
  3046 | D:4      | Noticed Eustachio
  3064 | D:4      | Killed Eustachio
  3226 | D:4      | Noticed Sigmund
  3238 | D:4      | Killed Sigmund
  3239 | D:4      | Reached skill level 6 in Axes
  3239 | D:4      | Reached skill level 5 in Armour
  3257 | D:4      | Lost mutation: Your spells are a little harder to cast, but
                  | a little more powerful. [potion of mutation]
  3257 | D:4      | Lost mutation: You have large cloven feet. [potion of
                  | mutation]
  3257 | D:4      | Gained mutation: You possess an exceptional clarity of
                  | mind. [potion of mutation]
  3527 | D:5      | Entered Level 5 of the Dungeon
  3535 | D:5      | Reached XP level 8. HP: 43/48 MP: 8/8
  3568 | D:5      | Identified a scroll of acquirement
  3568 | D:5      | Acquired the amulet of Bakkible {Spirit Int+3}
  3627 | D:5      | Reached skill level 5 in Fighting
  4018 | D:5      | Reached skill level 7 in Axes
  4385 | D:5      | Reached skill level 1 in Evocations
  4435 | D:5      | Found a shimmering altar of Xom.
  4436 | D:5      | Found a burning altar of Makhleb.
  4748 | D:6      | Found Keghaim's Armour Shoppe.
  4763 | D:6      | Reached skill level 5 in Shields
  4835 | D:6      | Acquired a +1 broad axe of flaming
  5001 | D:6      | Reached XP level 9. HP: 51/55 MP: 7/9
  5191 | D:6      | Reached skill level 8 in Axes
  5543 | D:6      | Found a staircase to the Ecumenical Temple.
  5562 | Temple   | Entered the Ecumenical Temple
  5654 | Temple   | Became a worshipper of Warmaster Okawaru
  5828 | D:6      | Lost mutation: You possess an exceptional clarity of mind.
                  | [potion of mutation]
  5828 | D:6      | Gained mutation: You do not regenerate when monsters are
                  | visible. [potion of mutation]
  5828 | D:6      | Gained mutation: You have a pair of small horns on your
                  | head. [potion of mutation]
  5992 | D:7      | Reached skill level 1 in Invocations
  6382 | D:7      | Noticed a hornet
  6390 | D:7      | Killed a hornet
  6390 | D:7      | Reached * piety under Okawaru
  6391 | D:7      | Reached skill level 9 in Axes
  6963 | D:7      | Reached XP level 10. HP: 61/61 MP: 11/11
  7553 | D:8      | Noticed Erica
  7564 | D:8      | Killed Erica
  7564 | D:8      | Reached ** piety under Okawaru
  8479 | D:9      | Reached skill level 10 in Axes
  8491 | D:9      | Reached *** piety under Okawaru
  9093 | D:10     | Entered Level 10 of the Dungeon
  9313 | D:10     | Found a stormy altar of Qazlal.
  9620 | D:10     | Found a shadowy altar of Dithmenos.
  9662 | D:10     | Noticed a gargoyle
  9666 | D:10     | Killed a gargoyle
  9666 | D:10     | Reached **** piety under Okawaru
  9667 | D:10     | Reached XP level 11. HP: 63/67 MP: 14/14
  9749 | D:10     | Reached skill level 5 in Evocations
  9774 | D:10     | Found a basalt altar of Yredelemnul.
  9815 | D:10     | Found an ancient bone altar of Kikubaaqudgha.
  9856 | D:10     | Reached skill level 5 in Invocations
 10083 | D:10     | Found Venua's Magic Scroll Boutique.
 10492 | D:11     | Noticed a manticore
 10504 | D:11     | Killed a manticore
 10542 | D:11     | Reached ***** piety under Okawaru
 10543 | D:11     | Reached skill level 11 in Axes
 10617 | D:11     | Found a gate leading to a gauntlet.
 10626 | Gauntlet | Entered a Gauntlet
 10626 | Gauntlet | Noticed a large abomination
 10626 | Gauntlet | Found a runed translucent gate.
 10626 | Gauntlet | Found a transporter.
 10626 | Gauntlet | Found a transporter.
 10626 | Gauntlet | Found a transporter.
 10933 | Gauntlet | Found a transporter.
 10936 | Gauntlet | Found a runed translucent gate.
 10976 | Gauntlet | Found a transporter.
 10979 | Gauntlet | Found a transporter.
 10988 | Gauntlet | Noticed a wizard
 10988 | Gauntlet | Noticed a death drake
 11003 | Gauntlet | Found a transporter.
 11015 | Gauntlet | Noticed a quicksilver ooze
 11018 | Gauntlet | Found a transporter.
 11024 | Gauntlet | Found a transporter.
 11027 | Gauntlet | Found a transporter.
 11035 | Gauntlet | Found a transporter.
 11038 | Gauntlet | Found a transporter.
 11040 | Gauntlet | Found a runed translucent gate.
 11167 | Gauntlet | Killed a large abomination
 11514 | Gauntlet | Mangled by a centaur warrior simulacrum

Illustrated notes

Levels and vault maps discovered:
D:1:      dpeg_arrival_stonehenge_8_columns, layout_loops_ring
D:2:      layout_loops_cross, basic_altar, hellmonk_ecumenical_altar_lost_god
D:3:      layout_loops_ring, serial_shops, nicolae_shop_hallway_plus,
          nicolae_underground_beach
D:4:      layout_cave_pools, minmay_cupped, uniq_eustachio, uniq_sigmund
D:5:      layout_basic, grunt_temple_overflow_champion_of_chaos,
          ebering_dispersal_statue_hall, chequers_serial_rivers_micro_a,
          corexii_corridor_pit
D:6:      minmay_flawed_box, layout_loops_ring, minmay_temple_entry_offerings,
          serial_shops, nicolae_shop_behind_doors, minmay_holes,
          lightli_orcish_oven
D:7:      layout_basic
D:8:      layout_basic, uniq_erica
D:9:      layout_irregular_city, serial_column_ruins,
          column_ruins_columns_corner, column_ruins_open_tiny,
          column_ruins_columns_T, column_ruins_columns_straight
D:10:     layout_roguey, old_standard_altar, lemuel_zombie_altar_yredelemnul,
          nicolae_qazlal_general_emergency, kiku_gazebo_pond_becter,
          serial_shops, nicolae_take_the_stairs
D:11:     layout_layer_cave, david_lair_shrubbed, hiddenorc1_lemuel,
          special_room [special_room_bee], gauntlet_entry_generic, uniq_grum
Temple:   regret_index_temple_sphere_string
Gauntlet: minmay_gauntlet_mixed_big_or_small [nicolae_gauntlet_arena_x,
          minmay_gauntlet_arena_77_run_for_it, nicolae_gauntlet_arena_t_cross,
          minmay_gauntlet_arena_77_two_paths, nicolae_gauntlet_arena_grate_2,
          minmay_gauntlet_arena_77_terracotta_army,
          nicolae_gauntlet_exit_dead_adventurers]

Skill      XL: |  1  2  3  4  5  6  7  8  9 10 11 |
---------------+----------------------------------+-----
Axes           | 2 3 4 5 6 7 9 10 11 | 11.2
Armour         | 4 5 6 7 8 |  8.1
Shields        | 4 5 6 |  6.6
Fighting       | 4 5 6 7 |  7.7
Evocations     | 1 3 4 5 |  5.6
Invocations    | 2 4 5 |  5.6

Action                   |  1- 3 |  4- 6 |  7- 9 | 10-12 || total
-------------------------+-------+-------+-------+-------++-------
Melee: War axe           |   108 |    86 |   190 |       ||   384
       Broad axe         |       |       |   146 |   283 ||   429
       Headbutt          |       |       |    10 |    59 ||    69
  Use: Scroll            |     4 |     2 |     7 |     3 ||    16
       Potion            |       |       |     5 |     4 ||     9
 Stab: Invisible         |       |       |     2 |       ||     2
Armor: Scale mail        |    69 |       |       |       ||    69
       Plate armour      |     7 |    78 |   275 |   285 ||   645
Dodge: Dodged            |    67 |    23 |    89 |   106 ||   285
Block: Buckler           |    34 |    27 |   105 |   127 ||   293

Table legend: (Time is in decaauts)
 A = Elapsed time spent in this place.
 B = Non-inter-level travel time spent in this place.
 C = Inter-level travel time spent in this place.
 D = Time resting spent in this place.
 E = Time spent auto-exploring this place.
 F = Levels seen in this place.
 G = Mean time per level.
                   A        B        C        D        E       F      G
               +--------+--------+--------+--------+--------+-----+--------+
         Total |  11705 |  11549 |    156 |   2685 |   6346 |  13 |  900.4 |
       Dungeon |  10708 |  10568 |    140 |   2088 |   6269 |  11 |  973.5 |
        Temple |    105 |     89 |     16 |      0 |     77 |   1 |  105.0 |
      Gauntlet |    890 |    890 |      0 |    597 |      0 |   1 |  890.0 |
               +--------+--------+--------+--------+--------+-----+--------+

Top non-repeatable levels by time:
     D:7: 1349 daAuts
    D:10: 1303 daAuts
     D:6: 1211 daAuts
     D:4: 1187 daAuts
     D:5: 1144 daAuts
     D:9: 1135 daAuts
     D:1: 1109 daAuts
Gauntlet: 890 daAuts
     D:3: 830 daAuts
     D:8: 652 daAuts
     D:2: 538 daAuts
    D:11: 245 daAuts
  Temple: 105 daAuts
